 Dungeon Crawl Stone Soup version 0.29.0-5-ge4962eb29e (webtiles) character file.

Game seed: 13759468644296230557

8 Arcadio the Chopper (level 2, -8/27 HPs)
             Began as a Minotaur Berserker on Aug 28, 2022.
             Was a Follower of Trog.
             Mangled by an ogre
             ... wielding a +0 giant spiked club
              (35 damage)
             ... on level 4 of the Dungeon.
             The game lasted 00:00:44 (530 turns).

Arcadio the Chopper (Minotaur Berserker)             Turns: 530, Time: 00:00:44

Health: -8/27      AC:  2    Str: 21    XL:     2   Next: 0%
Magic:  1/1        EV: 12    Int:  4    God:    Trog [*.....]
Gold:   16         SH:  0    Dex:  9    Spells: 1/1 levels left

rFire   . . .      SeeInvis .   a - +0 hand axe
rCold   . . .      Faith    .   (no shield)
rNeg    . . .      Spirit   .   b - +0 animal skin
rPois   .          Reflect  .   (helmet restricted)
rElec   .          Harm     .   (no cloak)
rCorr   .          Rampage  .   (no gloves)
Will    .....                   (no boots)
Stlth   +.........              (no amulet)
HPRegen 0.09/turn               (no ring)
MPRegen 0.07/turn               (no ring)

@: no status effects
A: horns 2, retaliatory headbutt
a: Renounce Religion, Berserk


You were on level 4 of the Dungeon.
You worshipped Trog.
Trog was aware of your devotion.
You visited 1 branch of the dungeon, and saw 4 of its levels.

You collected 16 gold pieces.

Inventory:

Hand Weapons
 a - a +0 hand axe (weapon)
Armour
 b - a +0 animal skin (worn)
Scrolls
 c - a scroll of teleportation {unknown}
 d - a scroll of blinking {unknown}
Potions
 e - 2 potions of curing {unknown}


   Skills:
 + Level 3.8 Fighting
 + Level 3.8 Axes
 + Level 2.6 Armour
 + Level 2.4 Dodging


You had one spell level left.
You didn't know any spells.
Your spell library was empty.

Dungeon Overview and Level Annotations

Branches:
Dungeon (4/15) Zot: 23467
 Temple: D:4-7

Altars:


Innate Abilities, Weirdness & Mutations

You have a pair of horns on your head.
You reflexively headbutt those who attack you in melee.


Message History

You see here a scroll labelled IXEAM RAURRALI.
The giant cockroach bites you.
There is a stone staircase leading down here.
You hit the giant cockroach.
You headbutt the giant cockroach, but do no damage.
The giant cockroach is moderately wounded.
The giant cockroach barely misses you.
You barely miss the giant cockroach.
The giant cockroach is moderately wounded.
The giant cockroach closely misses you.
The giant cockroach bites you but does no damage.
You hit the giant cockroach.
The giant cockroach is heavily wounded.
The giant cockroach bites you.
You slash the giant cockroach!
You kill the giant cockroach!
Trog accepts your kill.
You have reached level 2!
You start resting.
You hear the slow rusting of a very distant drain.
You climb downwards.
Found 2 stones.
There is a stone staircase leading up here.
Found a fuming white potion.
HP restored.
e - 2 fuming white potions (gained 1)
You now have 16 gold pieces (gained 8).
Found a long sword.
You see here 2 stones.
You see here a +0 long sword.
You see here a +0 long sword.
You see here 2 stones.
Found 3 boomerangs.
You see here 3 boomerangs.
Found a stone staircase leading up.
An ogre comes into view. It is wielding a +0 giant spiked club.
The ogre shouts!
The ogre hits you with a +0 giant spiked club!!
Ouch! That really hurt!
You die...

... #.##..<#########
#. ..##.###.##### #+
.............#
#.##.###.###.# # #.
#.###.##..#
#...##.##....#....####
.$..........###......+
#...##.##O.#.#....####
# #. #.@##..#..# #.
#.........# #.
#.........# #.
######.#### #. #.# ..
#.# #.# #.# .#


You could see an ogre.

Vanquished Creatures
  A giant cockroach (D:3)
  2 hobgoblins (D:1)
  A quokka (D:1)
  2 bats
  A rat (D:1)
7 creatures vanquished.

Notes
Turn   | Place    | Note
-------+----------+-------------------------------------------
     0 | D:1      | Arcadio the Minotaur Berserker began the quest for the Orb.
     0 | D:1      | Reached XP level 1. HP: 19/19 MP: 0/0
   382 | D:3      | Reached XP level 2. HP: 22/27 MP: 1/1
   526 | D:4      | Noticed an ogre
   530 | D:4      | Mangled by an ogre

Illustrated notes

Levels and vault maps discovered:
D:1:      nicolae_arrival_washed_ashore, layout_loops_ring,
          minmay_misc_feat_four_crosses, chequers_serial_rivers_micro_d
D:2:      layout_basic, serial_curves, eino_curves_04, eino_curves_03,
          basic_altar, serial_bayou_lagoon_a, hex_large, minmay_split_cup_large
D:3:      layout_basic, grunt_gozag_breadcrumbs, shapermc_ecumenical_altar_venn,
          portal_sewer_entry_a
D:4:      layout_loops_corners, nemelex_dance_club_becter, marbit_many_paths,
          dk_noncrumbling_3, minmay_misc_feat_alley

Action                   || total
-------------------------++-------
Melee: Hand axe          ||    16
       Headbutt          ||     3
Armor: Animal skin       ||     2
Dodge: Dodged            ||     7
